 Dungeon Crawl Stone Soup version 0.31-a0-1338-gb567cfdca4 (webtiles) character file.

Game seed: 16879525865247768054

14 grandjackal the Trooper (level 2, 0/24 HPs)
             Began as a Mummy Fighter on Dec 22, 2023.
             Slain by a gnoll
             ... wielding a +0 whip of draining
              (4 damage)
             ... on level 1 of the Dungeon.
             The game lasted 00:00:22 (258 turns).

grandjackal the Trooper (Mummy Fighter)              Turns: 258, Time: 00:00:23

Health: 0/24       AC:  6    Str: 19    XL:     2   Next: 27%
Magic:  2/2        EV:  9    Int:  7    God:
Gold:   0          SH:  4    Dex: 11    Spells: 1/1 levels left

rFire   x . .        a - +0 war axe
rCold   + . .        c - +0 buckler
rNeg    + + +        b - +0 scale mail
rPois   ∞            (no helmet)
rElec   .            (no cloak)
rCorr   .            (no gloves)
SInv    .            (no boots)
Will    .....        (no amulet) Stlth
                     (no ring)
HPRegen 0.24/turn    (no ring)
MPRegen 0.08/turn

%: faith
@: no status effects
A: cold resistance 1, negative energy resistance 3, torment resistance 2, heat
vulnerability 1, in touch with death 1, no potions, faith
a: no special abilities


You were on level 1 of the Dungeon.
You visited 1 branch of the dungeon, and saw 1 of its levels.

Inventory:

Hand Weapons
 a - a +0 war axe (weapon)
Armour
 b - a +0 scale mail (worn)
 c - a +0 buckler (worn)


   Skills:
 + Level 3.2 Fighting
 + Level 1.9 Axes
 - Level 2.4 Armour
 + Level 2.6 Shields


You had one spell level left.
You didn't know any spells.
Your spell library was empty.

Dungeon Overview and Level Annotations

Branches:
Dungeon (1/15)

Altars:


Innate Abilities, Weirdness & Mutations

You are immune to poison.
Your flesh is cold resistant. (rC+)
You are immune to negative energy. (rN+++)
You are immune to unholy pain and torment.
You are vulnerable to heat. (rF-)
You are in touch with the powers of death.
You do not drink.
You have a special connection with the divine. (Faith)


Message History

A hobgoblin comes into view.
Found a faded altar of an unknown god.
A hobgoblin is nearby!
The hobgoblin barely misses you.
You slash the hobgoblin!
You kill the hobgoblin!
No target in view!
A gnoll comes into view. It is wielding a +0 whip of draining.
The gnoll shouts!
A gnoll is nearby!
The gnoll barely misses you.
You hit the gnoll but do no damage. The gnoll hits you but does no damage.
You closely miss the gnoll. The gnoll barely misses you.
You block the gnoll's attack.
You barely miss the gnoll.
The gnoll hits you with a +0 whip of draining.
You closely miss the gnoll.
The gnoll hits you with a +0 whip of draining.
The gnoll hits you but does no damage.
You barely miss the gnoll.
The gnoll hits you with a +0 whip of draining.
You are too injured to fight recklessly!
You closely miss the gnoll.
The gnoll hits you with a +0 whip of draining.
The gnoll barely misses you.
You hit the gnoll but do no damage.
The gnoll hits you with a +0 whip of draining.
* * * LOW HITPOINT WARNING * * *
You closely miss the gnoll. You block the gnoll's attack.
You hit the gnoll but do no damage. You block the gnoll's attack.
The gnoll closely misses you.
You barely miss the gnoll. The gnoll closely misses you.
You completely miss the gnoll.
The gnoll hits you with a +0 whip of draining.
* * * LOW HITPOINT WARNING * * *
The gnoll completely misses you.
You hit the gnoll.
The gnoll is heavily wounded.
The gnoll hits you with a +0 whip of draining.
You die...

#...........#... ..
#....>......####
..###+#####...#######
..............#####..
.....###.##.........
...#...#....####...
#⌠.8..#...#
#g.8.#..†# #@..#...#
#_#⌠#....#
..####.##.# ..8.
...##+# #.#.. ###..
#..## #.. #.# #... #.
#... #....


You could see a gnoll.

Vanquished Creatures
  3 ball pythons (D:1)
  A bat (D:1)
  2 giant cockroaches (D:1)
  A hobgoblin (D:1)
  2 kobolds (D:1)
  A quokka (D:1)
  A frilled lizard (D:1)
  A rat (D:1)
12 creatures vanquished.

Notes
Turn   | Place    | Note
-------+----------+-------------------------------------------
     0 | D:1      | grandjackal the Mummy Fighter began the quest for the Orb.
     0 | D:1      | Reached XP level 1. HP: 18/18 MP: 1/1
    93 | D:1      | Reached XP level 2. HP: 10/24 MP: 2/2
   235 | D:1      | Found a faded altar of an unknown god.
   258 | D:1      | Slain by a gnoll

Illustrated notes

Levels and vault maps discovered:
D:1:      ncdulo_wetmaze, layout_basic, serial_shops, shop,
          shapermc_ecumenical_altar_venn

Action                     || total
---------------------------++-------
  Melee: War axe           ||    38
 Armour: Scale mail        ||    36
  Dodge: Dodged            ||    21
  Block: Buckler           ||     6

Table legend: (Time is in decaauts)
 A = Elapsed time spent in this place.
 B = Non-inter-level travel time spent in this place.
 C = Inter-level travel time spent in this place.
 D = Time resting spent in this place.
 E = Time spent auto-exploring this place.
 F = Levels seen in this place.
 G = Mean time per level.
                   A        B        C        D        E       F      G
               +--------+--------+--------+--------+--------+-----+--------+
         Total |    281 |    281 |      0 |     58 |    136 |   1 |  281.0 |
       Dungeon |    281 |    281 |      0 |     58 |    136 |   1 |  281.0 |
               +--------+--------+--------+--------+--------+-----+--------+

Top non-repeatable levels by time:
     D:1: 281 daAuts
